 Dungeon Crawl Stone Soup version 0.31-a0-841-g038b102fc3 (webtiles) character file.

Game seed: 16987790253531810020

550 javelincjr the Sneak (level 7, -5/41 HPs)
             Began as an Octopode Hedge Wizard on Sept 27, 2023.
             Slain by a gnoll sergeant
             ... wielding a +0 spear
              (10 damage)
             ... on level 5 of the Dungeon.
             The game lasted 00:17:22 (5648 turns).

javelincjr the Sneak (Octopode Hedge Wizard)        Turns: 5648, Time: 00:17:22

Health: -5/41      AC:  1    Str:  9    XL:     7   Next: 29%
Magic:  10/14      EV: 14    Int: 18    God:
Gold:   158        SH:  0    Dex: 12    Spells: 10/15 levels left

rFire   . . .        i - +5 war axe (drain)
rCold   . . .        (no shield)
rNeg    . . .        b - +0 hat
rPois   .            (no amulet)
rElec   .            w - ring of resist corrosion
rCorr   +            y - ring of resist corrosion
SInv    .            (no ring)
Will    .....        (no ring)
Stlth   ++++         (no ring)
HPRegen 0.26/turn    (no ring)
MPRegen 0.14/turn    (no ring)
                     (no ring)

%: no passive effects
@: no status effects
A: almost no armour, amphibious, 8 rings, camouflage 1, gelatinous body 1,
(nimble swimmer 1), tentacles
a: no special abilities


You were on level 5 of the Dungeon.
You visited 1 branch of the dungeon, and saw 5 of its levels.
You also visited: Sewer.

You collected 222 gold pieces.
You spent 64 gold pieces at shops.

Inventory:

Hand Weapons
 a - a +0 dagger
 i - a +5 war axe of draining (weapon)
Missiles
 h - 2 throwing nets
Armour
 b - a +0 hat (worn)
Jewellery
 w - a ring of resist corrosion (left tentacle)
 y - a ring of resist corrosion (right tentacle)
 A - a ring of willpower
Wands
 k - a wand of digging (5)
Scrolls
 g - 2 scrolls of vulnerability
 m - a scroll of enchant weapon {unknown}
 n - a scroll of immolation {unknown}
 v - a scroll of poison {unknown}
 x - a scroll of amnesia {unknown}
 z - a scroll of fog {unknown}
 B - a scroll of revelation
Potions
 c - a potion of magic
 d - 2 potions of brilliance
 e - a potion of berserk rage
 f - a potion of enlightenment {unknown}
 j - 2 potions of haste
 l - 2 potions of resistance
 o - 2 potions of lignification
 p - a potion of cancellation {unknown}
 q - a potion of might {unknown}
 r - 4 potions of curing
 s - 2 potions of mutation {unknown}
 t - a potion of degeneration {unknown}
 u - a potion of ambrosia {unknown}


   Skills:
 + Level 3.4 Dodging
 + Level 5.0 Stealth
 * Level 4.7 Spellcasting
 + Level 2.8 Conjurations
 + Level 2.8 Summonings
 + Level 2.6 Translocations


You had 10 spell levels left.
You knew the following spells:

 Your Spells              Type           Power      Damage    Failure   Level
a - Magic Dart            Conj           56%        1d5       4%          1
b - Call Imp              Summ           28%        N/A       6%          2
c - Blink                 Tloc           26%        N/A       7%          2

Your spell library contained the following spells:

 Spells                   Type           Power      Damage    Failure   Level
 Slow                     Hex            16%        N/A       14%         1
 Cigotuvi's Dreadful Rot  Necr/Pois/Air  8%         N/A       21%         2
 Mephitic Cloud           Conj/Pois/Air  7%         N/A       28%         3
 Frozen Ramparts          Ice            8%         1d2       38%         3
 Petrify                  Tmut/Erth      4%         N/A       80%         4
 Metabolic Englaciation   Hex/Ice        2%         N/A       98%         5


Dungeon Overview and Level Annotations

Branches:
Dungeon (5/15)              Sewer (visited)
 Temple: D:4-7

Altars:
Dithmenos
Gozag
Kikubaaqudgha
Ru

Shops:
D:1 [   D:2 *

Annotations:
D:4 Edmund
D:5 Duvessa


Innate Abilities, Weirdness & Mutations

You cannot wear most types of armour.
You are amphibious.
You can wear up to eight rings at the same time.
Your skin changes colour to match your surroundings (Stealth+).
Your rubbery body absorbs attacks. (AC +1, EV +1)
((You are camouflaged when in or above water. (Stealth+)))
You have tentacles for arms and can constrict up to eight enemies at once.


Message History

Aim: a gnoll sergeant, wielding a +0 spear, wearing a +0 ring mail and wearing a +0 kite shield (blue smoke, 100% to hit)
The magic dart hits the gnoll sergeant but does no damage.
Casting: Magic Dart (safe; 4% risk of failure)
Confirm with . or Enter, or press ? or * to list all spells.
Aiming: Magic Dart (safe; 4% risk of failure)
Press: ? - help, Shift-Dir - straight line, f/p - gnoll sergeant
Aim: a gnoll sergeant, wielding a +0 spear, wearing a +0 ring mail and wearing a +0 kite shield (100% to hit)
The magic dart hits the gnoll sergeant but does no damage.
Casting: Magic Dart (safe; 4% risk of failure)
Confirm with . or Enter, or press ? or * to list all spells.
Aiming: Magic Dart (safe; 4% risk of failure)
Press: ? - help, Shift-Dir - straight line, f/p - gnoll sergeant
Aim: a gnoll sergeant, wielding a +0 spear, wearing a +0 ring mail and wearing a +0 kite shield (100% to hit)
The magic dart hits the gnoll sergeant but does no damage.
Casting: Magic Dart (safe; 4% risk of failure)
Confirm with . or Enter, or press ? or * to list all spells.
A tiny devil pulls itself out of the air.
The gnoll sergeant hits your cerulean imp with a +0 spear.
The gnoll sergeant hits you from afar with a +0 spear!
Your cerulean imp hits the gnoll sergeant but does no damage.
You swap places.
The gnoll sergeant hits you with a +0 spear!
Your cerulean imp hits the gnoll sergeant but does no damage.
You hit the gnoll sergeant. You drain the gnoll sergeant.
Your grab misses the gnoll sergeant. You squeeze the gnoll sergeant.
The gnoll sergeant is heavily wounded.
The gnoll sergeant barely misses you.
Your cerulean imp hits the gnoll sergeant but does no damage.
The gnoll sergeant blocks your attack. x2
The gnoll sergeant is heavily wounded.
The gnoll sergeant hits you with a +0 spear!
Your cerulean imp hits the gnoll sergeant but does no damage.
The gnoll sergeant hits you with a +0 spear!
* * * LOW HITPOINT WARNING * * *
Your cerulean imp hits the gnoll sergeant but does no damage.
You hit the gnoll sergeant but do no damage.
The gnoll sergeant blocks your attack.
The gnoll sergeant is heavily wounded.
The gnoll sergeant hits you with a +0 spear!
You die...

#.#.....[.รท.##
#.#.######...#
#.#......###.###
#.#.##.#.#.....#
#.#.##.#.#.#.###
#.#.##.#.#.._..#
#.#.##.#.###.#.#
#.#g##.#.#.....#
#)#@##.#.###.####
#)#5##.#.# #..#.#
#)#.##.#.# ##.#.#
#.#....#.######.####
#.######............
#.# ########.####
#.# #.....
#.##################
#...................


You could see a gnoll sergeant (drained, ally target) and a friendly cerulean
imp (summoned).

Vanquished Creatures
  An ogre (D:4)
  A hound (D:5)
  10 gnolls
  8 adders
  3 river rats (Sewer)
  3 worms (D:4)
  A dart slug (D:2)
  12 orcs
  9 bats
  8 endoplasms
  5 giant cockroaches
  7 goblins
  4 hobgoblins
  3 jackals (D:4)
  10 kobolds
  2 quokkas
  16 ball pythons
  7 frilled lizards
  19 rats
129 creatures vanquished.

Vanquished Creatures (collateral kills)
  An ogre (D:4)
  A gnoll (D:4)
  2 orcs (D:5)
  2 endoplasms (D:4)
  2 frilled lizards (Sewer)
8 creatures vanquished.

Grand Total: 137 creatures vanquished

Notes
Turn   | Place    | Note
-------+----------+-------------------------------------------
     0 | D:1      | javelincjr the Octopode Hedge Wizard began the quest for
                  | the Orb.
     0 | D:1      | Reached XP level 1. HP: 11/11 MP: 4/4
   170 | D:1      | Reached XP level 2. HP: 17/17 MP: 1/6
   236 | D:1      | Reached skill level 3 in Stealth
   564 | D:1      | Learned a level 2 spell: Call Imp
   567 | D:1      | Learned a level 2 spell: Blink
   661 | D:1      | Reached XP level 3. HP: 19/21 MP: 1/7
   780 | D:1      | Found Awkuis's Antique Armour Boutique.
  1627 | D:2      | Found Ohoit's Assorted Antiques.
  1650 | D:2      | Bought 2 lumpy sapphire potions for 41 gold pieces
  1650 | D:2      | Bought a scroll labelled CECIZX FEYRUMP for 23 gold pieces
  1783 | D:2      | Reached XP level 4. HP: 23/27 MP: 9/9
  2326 | D:3      | Found a shadowy altar of Dithmenos.
  2527 | D:3      | Found an ancient bone altar of Kikubaaqudgha.
  2566 | D:3      | Found a sacrificial altar of Ru.
  2606 | D:3      | Found a glowing drain.
  2622 | Sewer    | Entered a sewer
  2799 | Sewer    | Reached XP level 5. HP: 31/31 MP: 7/10
  3038 | Sewer    | Reached skill level 4 in Stealth
  3581 | D:4      | Noticed an ogre
  3597 | D:4      | Killed an ogre
  3598 | D:4      | Reached XP level 6. HP: 36/36 MP: 2/12
  3719 | D:4      | Noticed Edmund
  3734 | D:5      | Entered Level 5 of the Dungeon
  3785 | D:5      | Noticed Duvessa
  4962 | D:4      | Reached XP level 7. HP: 41/41 MP: 4/13
  5443 | D:5      | Found an opulent altar of Gozag.
  5537 | D:5      | Reached skill level 5 in Stealth
  5648 | D:5      | Slain by a gnoll sergeant

Illustrated notes

Levels and vault maps discovered:
D:1:      lightli_arrival_lavapool, layout_basic, serial_shops,
          nicolae_shop_peninsula
D:2:      layout_loops_ring, serial_shops, nicolae_shop_tiny_glass,
          minmay_misc_feat_columns, small_statue_intersection,
          corexii_item_surrounded_by_moat, minmay_misc_feat_tiny
D:3:      layout_basic, mainiacjoe_overflow_small_starburst,
          mainiacjoe_overflow_boulevard, old_standard_altar,
          gup_sewer_entry_glass
D:4:      layout_loops_ring, corexii_checkpoint_b, hangedman_minor_gate_pass,
          uniq_edmund
D:5:      layout_basic, nicolae_gozag_cash_rules_everything_around_me,
          uniq_duvessa, uniq_eustachio

Skill      XL: |  1  2  3  4  5  6  7 |
---------------+----------------------+-----
Stealth        | 3 4 5 |  5.0
Summonings     | 2 |  2.8
Conjurations   | 2 |  2.8
Spellcasting   | 4 |  4.7
Translocations | 2 |  2.6
Dodging        | 3 |  3.4

Action                     |  1- 3 |  4- 6 |  7- 9 || total
---------------------------+-------+-------+-------++-------
  Melee: Dagger            |     6 |       |       ||     6
         Constrict         |     4 |    13 |     7 ||    24
         War axe           |    15 |    72 |    28 ||   115
         Tentacles         |     2 |    10 |     4 ||    16
         Punch             |       |       |     1 ||     1
   Cast: Magic Dart        |    63 |    91 |     4 ||   158
         Call Imp          |       |    18 |    10 ||    28
         Blink             |       |     3 |       ||     3
    Use: Scroll            |       |     5 |     3 ||     8
   Stab: Sleeping          |     3 |    15 |     5 ||    23
 Armour: Skin              |    15 |    47 |    18 ||    80
  Dodge: Dodged            |    13 |    43 |    17 ||    73

Table legend: (Time is in decaauts)
 A = Elapsed time spent in this place.
 B = Non-inter-level travel time spent in this place.
 C = Inter-level travel time spent in this place.
 D = Time resting spent in this place.
 E = Time spent auto-exploring this place.
 F = Levels seen in this place.
 G = Mean time per level.
                   A        B        C        D        E       F      G
               +--------+--------+--------+--------+--------+-----+--------+
         Total |   5702 |   5488 |    214 |    377 |   4109 |   6 |  950.3 |
       Dungeon |   5152 |   4938 |    214 |    377 |   3663 |   5 | 1030.4 |
         Sewer |    550 |    550 |      0 |      0 |    446 |   1 |  550.0 |
               +--------+--------+--------+--------+--------+-----+--------+

Top non-repeatable levels by time:
     D:1: 1250 daAuts
     D:4: 1232 daAuts
     D:3: 1172 daAuts
     D:2: 943 daAuts
     D:5: 552 daAuts
   Sewer: 550 daAuts
